 Dungeon Crawl Stone Soup version 0.29.1-13-g9f3cf754e1 (webtiles) character file.

Game seed: 1265158973177718479

196 Oxelix the Shooter (level 5, -7/25 HPs)
             Began as a Spriggan Hunter on Feb 2, 2023.
             Mangled by an iguana (11 damage)
             ... on level 3 of the Dungeon.
             The game lasted 00:04:18 (1896 turns).

Oxelix the Shooter (Spriggan Hunter)                Turns: 1896, Time: 00:04:19

Health: -7/25      AC:  3    Str:  7    XL:     5   Next: 45%
Magic:  6/6        EV: 19    Int: 11    God:
Gold:   118        SH:  0    Dex: 20    Spells: 4/4 levels left

rFire   . . .      SeeInvis +   a - +0 shortbow
rCold   . . .      Faith    .   (shield currently unavailable)
rNeg    . . .      Spirit   .   c - +0 robe
rPois   +          Reflect  .   (helmet restricted)
rElec   .          Harm     .   g - +0 cloak
rCorr   .          Rampage  .   (gloves unavailable)
Will    .....                   (boots unavailable)
Stlth   +++.......              (no amulet)
HPRegen 0.08/turn               o - ring of poison resistance
MPRegen 0.10/turn               (no ring)

@: very quick
A: very small, no large weapons, unfitting armour, see invisible, speed 3
a: no special abilities


You were on level 3 of the Dungeon.
You visited 1 branch of the dungeon, and saw 3 of its levels.

You collected 118 gold pieces.

Inventory:

Hand Weapons
 a - a +0 shortbow (weapon)
Missiles
 p - 4 poisoned darts
Armour
 c - a +0 robe (worn)
 g - a +0 cloak (worn)
Jewellery
 o - a ring of poison resistance (left hand)
Wands
 r - a wand of digging (7)
Scrolls
 b - 2 scrolls of immolation
 e - 2 scrolls of teleportation {unknown}
 f - a scroll of silence {unknown}
 i - 2 scrolls of identify {unknown}
 l - a scroll of enchant armour {unknown}
 m - a scroll of fear {unknown}
 n - a scroll of amnesia {unknown}
 q - a scroll of poison {unknown}
Potions
 d - a potion of heal wounds {unknown}
 h - 2 potions of curing {unknown}
 j - a potion of flight {unknown}
 k - a potion of attraction {unknown}


   Skills:
 + Level 1.5 Fighting
 * Level 5.5 Ranged Weapons
 - Level 4.3 Dodging
 - Level 4.4 Stealth


You had 4 spell levels left.
You didn't know any spells.
Your spell library contained the following spells:

 Spells                   Type           Power      Damage    Failure   Level
 Ensorcelled Hibernation  Hex/Ice        0%         N/A       47%         2
 Spider Form              Tmut/Pois      0%         N/A       71%         3
 Anguish                  Hex/Necr       0%         N/A       98%         4


Dungeon Overview and Level Annotations

Branches:
Dungeon (3/15)

Altars:

Shops:
D:2 *


Innate Abilities, Weirdness & Mutations

You are very small and have problems with some larger weapons.
You are too small for most types of armour.
You have supernaturally acute eyesight. (SInv)
You cover ground extremely quickly. (Speed+++)


Message History

You shoot an arrow. The arrow hits the iguana.
The iguana is severely wounded.
Fire: a) +0 shortbow
Press: ? - help, Q - select action, (/) - cycle Shift-Dir - straight line, f/p - iguana
Aim: an iguana (severely wounded, 68% to hit)
You shoot an arrow.
The arrow hits the iguana but does no damage.
The iguana is severely wounded.
Fire: a) +0 shortbow
Press: ? - help, Q - select action, (/) - cycle Shift-Dir - straight line, f/p - iguana
Aim: an iguana (severely wounded, 68% to hit)
You shoot an arrow.
The arrow hits the iguana but does no damage.
The iguana is severely wounded.
The iguana bites you.
Fire: a) +0 shortbow
Press: ? - help, Q - select action, (/) - cycle Shift-Dir - straight line, f/p - iguana
Aim: an iguana (severely wounded, 68% to hit)
You shoot an arrow. The arrow completely misses the iguana.
Fire: a) +0 shortbow
Press: ? - help, Q - select action, (/) - cycle Shift-Dir - straight line, f/p - iguana
Aim: an iguana (severely wounded, 68% to hit)
You shoot an arrow.
The arrow hits the iguana but does no damage.
The iguana is severely wounded.
The iguana closely misses you.
Fire: a) +0 shortbow
Press: ? - help, Q - select action, (/) - cycle Shift-Dir - straight line, f/p - iguana
Aim: an iguana (severely wounded, 68% to hit)
You shoot an arrow. The arrow closely misses the iguana.
The iguana bites you.
* * * LOW HITPOINT WARNING * * *
The iguana misses you.
Fire: a) +0 shortbow
Press: ? - help, Q - select action, (/) - cycle Shift-Dir - straight line, f/p - iguana
Aim: an iguana (severely wounded, 68% to hit)
You shoot an arrow. The arrow hits the iguana.
The iguana is severely wounded.
The iguana bites you!
You die...

##.. ###.#...#####
#.###.### #...
#...........# #.###
#.. #.#.......#.#
#....
#.####.#..)....#
#....
#....l.#..)....#
##.##
#.....###.#.......#
#.## ####.##
#.#.......# ####.##
#. #.#...l...#
....... #.
..#...@...# ####...
#. #.##.....## ####
#. #.###.⌠.## ..
#.. ##### ... ....
##.#. #. .#


You could see an iguana.

Vanquished Creatures
  3 orc priests (D:3)
  Jessica (D:2)
  3 adders (D:2)
  A worm (D:2)
  2 dart slugs
  2 orcs (D:3)
  3 endoplasms
  2 goblins
  7 hobgoblins
  3 quokkas
  8 ball pythons
  7 bats
  3 frilled lizards (D:1)
  2 kobolds (D:3)
  3 rats
50 creatures vanquished.

Notes
Turn   | Place    | Note
-------+----------+-------------------------------------------
     0 | D:1      | Oxelix the Spriggan Hunter began the quest for the Orb.
     0 | D:1      | Reached XP level 1. HP: 10/10 MP: 2/2
   114 | D:1      | Reached XP level 2. HP: 14/14 MP: 3/3
   619 | D:2      | Reached XP level 3. HP: 18/18 MP: 4/4
   673 | D:2      | Found Fufeovur's General Store.
   713 | D:2      | Found a faded altar of an unknown god.
  1166 | D:2      | Reached XP level 4. HP: 22/22 MP: 5/5
  1278 | D:2      | Noticed Jessica
  1282 | D:2      | Killed Jessica
  1283 | D:2      | Reached skill level 5 in Ranged Weapons
  1836 | D:3      | Reached XP level 5. HP: 25/25 MP: 6/6
  1896 | D:3      | Mangled by an iguana

Illustrated notes

Levels and vault maps discovered:
D:1:      ncdulo_halloftheorcs, layout_basic
D:2:      layout_loops_ring, nicolae_ecumenical_oubliette, serial_shops,
          nicolae_shop_crystal, minmay_misc_feat_encased, uniq_jessica
D:3:      cheibrodos_pilgrimage, layout_loops_corners,
          chequers_temple_overflow_statue_of_worship, minmay_misc_feat_alley,
          chequers_serial_rivers_micro_c, minmay_ogre_servants

Skill      XL: |  1  2  3  4 |
---------------+-------------+-----
Dodging        | 3 4 |  4.3
Stealth        | 2 3 4 |  4.4
Ranged Weapons | 5 |  5.5
Fighting       | |  1.5

Action                   |  1- 3 |  4- 6 || total
-------------------------+-------+-------++-------
 Fire: Shortbow          |    93 |    48 ||   141
Armor: Robe              |     3 |       ||     3
Dodge: Dodged            |    20 |     4 ||    24
